 Dungeon Crawl Stone Soup version 0.32-a0-871-ge202e49faa (webtiles) character file.

Game seed: 14474091789092208623

7466 Biggs the Skirmisher (level 11, 0/76 (79) HPs)
             Began as a Coglin Hunter on Mar 29, 2024.
             Was a High Priest of Okawaru.
             Shot with a bolt by a kobold blastminer (17 damage)
             ... on level 1 of the Orcish Mines.
             The game lasted 00:15:01 (8562 turns).

Biggs the Skirmisher (Coglin Hunter)                Turns: 8562, Time: 00:15:02

HP:   0/76 (79)     AC: 10    Str: 12    XL:     11   Next: 15%
MP:   11/11         EV: 16    Int:  8    God:    Okawaru [*****.]
Gold: 353           SH:  0    Dex: 22    Spells: 10/10 levels left

rFire   . . .        a - +2 sling (flame) {Kiko}
rCold   . . .        d - +0 sling {Sosibius}
rNeg    . . .        c - +0 leather armour
rPois   .            v - +2 hat
rElec   .            y - +2 cloak {Stlth+}
rCorr   .            (no gloves)
SInv    .            r - +1 pair of boots
Will    .....        (amulet unavailable)
Stlth   +++          (ring unavailable)
HPRegen 0.32/turn    (ring unavailable)
MPRegen 0.12/turn    (no gizmo)

%: no passive effects
@: lightly drained
A: off-hand wielding, slow wielding, warmup strikes, no jewellery
a: Invent Gizmo, Renounce Religion, Heroism, Finesse, Duel


You were on level 1 of the Orcish Mines.
You worshipped Okawaru.
Okawaru was extremely pleased with you.
You visited 2 branches of the dungeon, and saw 11 of its levels.

You collected 600 gold pieces.
You spent 247 gold pieces at shops.

Inventory:

Hand Weapons
 a - a +2 sling of flaming (weapon) {Kiko}
 d - a +0 sling (offhand) {Sosibius}
Armour
 c - a +0 leather armour (worn)
 r - a +1 pair of boots (worn)
 v - a +2 hat (worn)
 y - a +2 cloak of stealth (worn)
 H - a scarf of resistance
Wands
 j - a wand of digging (1)
 A - a wand of mindburst (18)
 C - a wand of flame (6)
 E - a wand of paralysis (7)
Scrolls
 b - 2 scrolls of butterflies
 g - 2 scrolls of torment
 k - 3 scrolls of fog
 n - a scroll of brand weapon
 s - 2 scrolls of poison
 t - a scroll of teleportation
 w - 2 scrolls of noise
 z - a scroll of vulnerability
 F - 2 scrolls of enchant weapon
 I - 2 scrolls of amnesia
Potions
 e - 4 potions of might {unknown}
 f - a potion of resistance {unknown}
 h - 7 potions of curing
 i - a potion of haste {unknown}
 l - 4 potions of enlightenment {unknown}
 m - 2 potions of brilliance {unknown}
 o - 2 potions of heal wounds {unknown}
 p - a potion of invisibility {unknown}
 u - 2 potions of lignification {unknown}
 x - 2 potions of magic {unknown}
 B - a potion of attraction {unknown}
 D - 2 potions of ambrosia {unknown}
 G - a potion of degeneration {unknown}
 K - a potion of berserk rage {unknown}


   Skills:
 - Level 5.0 Fighting
 + Level 13.4 Ranged Weapons
 - Level 7.4 Dodging
 - Level 0.7 Stealth


You had 10 spell levels left.
You didn't know any spells.
Your spell library contained the following spells:

 Spells                   Type           Power      Damage    Failure   Level
 Necrotise                Necr           0%         1d4       50%         1
 Cigotuvi's Dreadful Rot  Necr/Alch/Air  0%         N/A       63%         2
 Ensorcelled Hibernation  Hex/Ice        0%         N/A       63%         2
 Dazzling Flash           Conj/Hex       0%         N/A       86%         3
 Fugue of the Fallen      Necr           0%         N/A       86%         3
 Vampiric Draining        Necr           0%         2d6       86%         3
 Anguish                  Hex/Necr       0%         N/A       99%         4
 Ignite Poison            Fire/Alch      0%         N/A       99%         4
 Curse of Agony           Necr           0%         N/A       100%        5
 Freezing Cloud           Conj/Ice/Air   0%         6-21      100%        5
 Starburst                Conj/Fire      0%         6d3       100%        6
 Maxwell's Capacitive Co  Air            0%         ∞         100%        8
 Martyr's Knell           Necr/Summ      Unusable   N/A       N/A         4

Dungeon Overview and Level Annotations

Branches:
Dungeon (10/15)            Temple (0/1) D:4             Orc (1/2) D:9
   Lair: D:8-11

Altars:
Ashenzari
Cheibriados
Elyvilon
Fedhas
Hepliaklqana
Makhleb
Okawaru
Ru
Trog
Vehumet
Xom

Shops:
D:4 [

Annotations:
D:9 Amaemon


Innate Abilities, Weirdness & Mutations

You can wield a second weapon in your off-hand.
It takes a long time for you to wield or remove held weapons.
Your first few attacks do less damage.
You cannot equip rings or amulets.


Message History

The kobold blastminer shouts!
The kobold blastminer shoots a bolt.
The bolt hits you!
The obsidian bat attacks as it pursues you!
The obsidian bat closely misses you. The obsidian bat bites you!
Faint brimstone surges around you!
Unknown command.
You shoot a sling bullet.
The sling bullet barely misses the obsidian bat.
You shoot a sling bullet.
The sling bullet hits the obsidian bat but does no damage.
The obsidian bat bites you! Faint brimstone surges around you!
Unknown command.
Unknown command.
You shoot a sling bullet.
The sling bullet closely misses the hell rat.
You shoot a sling bullet. The sling bullet hits the hell rat.
The hell rat is lightly wounded.
The hell rat bites you!
You feel drained.
The obsidian bat bites you but does no damage.
The obsidian bat attacks as it pursues you!
The obsidian bat bites you. Faint brimstone surges around you!
The hell rat closely misses you.
The obsidian bat flits into the dungeon's darkness for a moment.
The obsidian bat closely misses you.
The kobold blastminer shoots a bolt.
The bolt closely misses you.
You enter a dispersal trap!
The hell rat blinks!
The obsidian bat blinks!
The kobold blastminer blinks!
The hell rat blinks! x3
The kobold blastminer blinks!
The hell rat blinks!
You blink.
The kobold blastminer shoots a bolt.
The bolt misses you. The hell rat bites you.
Blink to where?
Press: ? - help, Dir - move target, p - hell rat
As you read the scroll of blinking, it crumbles to dust.
The kobold blastminer shoots a bolt.
The bolt barely misses you.
The kobold blastminer shoots a bolt.
The bolt hits you!
* * * LOW HITPOINT WARNING * * *
The hell rat barely misses you. The hell rat bites you.
* * * LOW HITPOINT WARNING * * *
The kobold blastminer shoots a bolt.
The bolt hits you!
You die...

##.#...b#r......#.....#
####...K......#.....##
##....r...#...#.##
##..............#
#......#...##.##
##.........#####
.......r..##.##
.......)......#
.#..#..@.....##
#.......)..###
.......<).##
#......#.## ####.#####
##


You could see a kobold blastminer and 2 hell rats.

Vanquished Creatures
  A komodo dragon (D:7)
  An orange demon (D:9)
  A troll (D:9)
  Grinder (D:6)
  2 hornets
  Sigmund (D:6)
  A shadow (D:7)
  3 wyverns
  2 wraiths
  Eustachio (D:6)
  3 yaks (D:8)
  Menkaure (D:6)
  2 water moccasins
  An ice beast (D:7)
  3 orc warriors (Orc:1)
  5 sky beasts
  A black bear (D:7)
  An ogre (D:3)
  4 centaurs
  A phantom (D:5)
  A weeping skull (D:5)
  2 kobold brigands (D:7)
  A bullfrog (D:7)
  A gnoll sergeant (D:7)
  4 scorpions
  16 wights
  4 killer bees (D:9)
  A howler monkey (D:5)
  5 bombardier beetles
  A spectral bullfrog (D:5)
  5 hounds
  2 jellies
  8 orc priests
  A sleepcap (D:8)
  9 orc wizards
  2 iguanas
  A centaur simulacrum (D:5)
  A howler monkey zombie (D:5)
  9 adders
  A shadow imp (D:6)
  2 ufetubi (D:7)
  An adder zombie (D:5)
  A dart slug (D:2)
  3 ribbon worms
  29 orcs
  10 endoplasms
  2 giant cockroaches
  13 goblins
  11 hobgoblins
  2 jackals (D:2)
  3 quokkas
  9 ball pythons
  8 bats
  4 frilled lizards
  12 kobolds
  8 rats
229 creatures vanquished.

Notes
Turn   | Place    | Note
-------+----------+-------------------------------------------
     0 | D:1      | Biggs the Coglin Hunter began the quest for the Orb.
     0 | D:1      | Reached XP level 1. HP: 16/16 MP: 1/1
    73 | D:1      | Reached skill level 4 in Ranged Weapons
    73 | D:1      | Reached XP level 2. HP: 22/22 MP: 2/2
   636 | D:1      | Reached XP level 3. HP: 27/27 MP: 3/3
   970 | D:2      | Reached skill level 5 in Ranged Weapons
   970 | D:2      | Reached XP level 4. HP: 20/33 MP: 4/4
  1562 | D:3      | Reached XP level 5. HP: 38/38 MP: 5/5
  1846 | D:3      | Reached skill level 6 in Ranged Weapons
  1914 | D:3      | Reached XP level 6. HP: 38/44 MP: 6/6
  2199 | D:3      | Reached skill level 7 in Ranged Weapons
  2304 | D:3      | Found a hazy altar of Hepliaklqana.
  2465 | D:3      | Found an iron altar of Okawaru.
  2515 | D:3      | Became a worshipper of Warmaster Okawaru
  2670 | D:4      | Found a staircase to the Ecumenical Temple.
  2781 | D:4      | Found Cumm's Antique Armour Boutique.
  2886 | D:4      | Found a broken altar of Ashenzari.
  2964 | D:4      | Bought an embroidered cloak for 247 gold pieces
  3098 | D:5      | Entered Level 5 of the Dungeon
  3113 | D:5      | Reached XP level 7. HP: 50/50 MP: 7/7
  3299 | D:5      | Reached * piety under Okawaru
  3315 | D:5      | Noticed a wraith
  3330 | D:5      | Killed a wraith
  3356 | D:5      | Identified the +4 dagger of the Vanishing Ears {pain, rPois
                  | rF++ Dex-3}
  3396 | D:5      | Reached skill level 5 in Dodging
  3396 | D:5      | Reached XP level 8. HP: 56/56 MP: 8/8
  3398 | D:5      | Found a bloodstained altar of Trog.
  4006 | D:6      | Reached ** piety under Okawaru
  4021 | D:6      | Noticed Menkaure
  4025 | D:6      | Killed Menkaure
  4293 | D:6      | Noticed Sigmund
  4384 | D:6      | Killed Sigmund
  4385 | D:6      | Reached XP level 9. HP: 22/65 MP: 9/9
  4591 | D:6      | You fall into a shaft and drop 1 floor!
  4598 | D:7      | Found a sacrificial altar of Ru.
  4686 | D:6      | Noticed Grinder
  4695 | D:6      | Killed Grinder
  4696 | D:6      | Reached skill level 5 in Fighting
  4697 | D:6      | Noticed Eustachio
  4721 | D:6      | Killed Eustachio
  4722 | D:6      | Reached skill level 8 in Ranged Weapons
  4729 | D:6      | Reached *** piety under Okawaru
  5253 | D:7      | Reached skill level 9 in Ranged Weapons
  5489 | D:7      | Reached skill level 10 in Ranged Weapons
  5492 | D:7      | Reached **** piety under Okawaru
  5496 | D:7      | Reached XP level 10. HP: 48/74 MP: 10/10
  5596 | D:7      | Noticed a tengu warrior
  6263 | D:7      | Noticed a white ugly thing
  6323 | D:7      | Reached skill level 11 in Ranged Weapons
  6414 | D:7      | Found a blossoming altar of Fedhas.
  6538 | D:8      | Found a burning altar of Makhleb.
  6645 | D:8      | Reached ***** piety under Okawaru
  6845 | D:8      | Found a white marble altar of Elyvilon.
  6886 | D:8      | Reached skill level 12 in Ranged Weapons
  7098 | D:8      | Found a snail-covered altar of Cheibriados.
  7430 | D:9      | Found a staircase to the Orcish Mines.
  7755 | D:9      | Found a radiant altar of Vehumet.
  7755 | D:9      | Found a shimmering altar of Xom.
  7766 | D:9      | Noticed Amaemon
  7767 | D:9      | Noticed an orange demon
  7774 | D:10     | Entered Level 10 of the Dungeon
  7774 | D:10     | Noticed a kobold demonologist
  7774 | D:10     | Noticed a kobold demonologist
  7774 | D:10     | Noticed a kobold demonologist
  7778 | D:10     | Noticed an orange demon
  7926 | D:9      | Reached XP level 11. HP: 79/79 MP: 11/11
  8069 | D:9      | Received a gift from Okawaru
  8070 | D:9      | Reached skill level 13 in Ranged Weapons
  8271 | Orc:1    | Entered Level 1 of the Orcish Mines
  8376 | Orc:1    | Noticed an obsidian bat
  8513 | Orc:1    | Noticed a manticore
  8562 | Orc:1    | Shot with a bolt by a kobold blastminer

Illustrated notes

Levels and vault maps discovered:
D:1:      mrwooster_arrival_arrow, layout_basic, minmay_misc_feat_enclosed
D:2:      wander_river, layout_basic, item_on_display_a
D:3:      minmay_bubble_buster, layout_loops_cross, nzn_hepliaklqana_mist_gate,
          lemuel_coloured_pillars_altar
D:4:      layout_basic, kennysheep_mini, temple_statues,
          mrwooster_statue_mirror, nicolae_stop_n_shop_2, minivault_24,
          hangedman_decor_push
D:5:      layout_loops_cross, trog_hazing_becter, dilly_guarded_unrand_morg
D:6:      layout_basic, uniq_sigmund, uniq_menkaure, uniq_grinder,
          uniq_eustachio
D:7:      nzn_winding_woodlands_cross [nzn_winding_woodlands_5x15_jagged,
          nzn_winding_woodlands_5x15_twine,
          nzn_winding_woodlands_5x15_concentric,
          nzn_winding_woodlands_5x15_pathside_ponds,
          nzn_winding_woodlands_15x15_boxy_spiral], layout_loops_corners,
          lemuel_crystal_altar, nicolae_ru_path_of_blood
D:8:      layout_rooms, general_overflow_altar,
          mainiacjoe_overflow_cross_hatched, mainiacjoe_overflow_tiny_flanked
D:9:      layout_basic, gammafunk_temple_overflow_statue, uniq_amaemon
D:10:     layout_irregular_city, enter_bailey_2
Orc:1:    layout_caves, nicolae_orc_flooded_monolith,
          einodemon_barbed_minivault, uniq_nergalle

Skill      XL: |  1  2  3  4  5  6  7  8  9 10 11 |
---------------+----------------------------------+-----
Ranged Weapons | 4 5 6 7 10 12 13 | 13.4
Dodging        | 2 5 7 |  7.4
Fighting       | 4 5 |  5.0
Stealth        | |  0.7

Action                     |  1- 3 |  4- 6 |  7- 9 | 10-12 || total
---------------------------+-------+-------+-------+-------++-------
   Fire: Sling             |   144 |   326 |   550 |   624 ||  1644
    Use: Scroll            |       |     9 |     2 |     8 ||    19
 Armour: Leather armour    |     2 |    18 |    88 |    83 ||   191
  Dodge: Dodged            |     3 |    24 |   128 |   101 ||   256

Table legend: (Time is in decaauts)
 A = Elapsed time spent in this place.
 B = Non-inter-level travel time spent in this place.
 C = Inter-level travel time spent in this place.
 D = Time resting spent in this place.
 E = Time spent auto-exploring this place.
 F = Levels seen in this place.
 G = Mean time per level.
                   A        B        C        D        E       F      G
               +--------+--------+--------+--------+--------+-----+--------+
         Total |   8593 |   8378 |    215 |    429 |   6446 |  11 |  781.2 |
       Dungeon |   8315 |   8100 |    215 |    429 |   6253 |  10 |  831.5 |
  Orcish Mines |    278 |    278 |      0 |      0 |    193 |   1 |  278.0 |
               +--------+--------+--------+--------+--------+-----+--------+

Top non-repeatable levels by time:
     D:7: 1379 daAuts
     D:6: 1096 daAuts
     D:3: 1075 daAuts
     D:9: 953 daAuts
     D:5: 907 daAuts
     D:1: 843 daAuts
     D:8: 807 daAuts
     D:2: 749 daAuts
     D:4: 492 daAuts
   Orc:1: 278 daAuts
    D:10: 9 daAuts
